 Dungeon Crawl Stone Soup version 0.28.0 (webtiles) character file.

Game seed: 6095922642397525502

35 HallandMoats the Skirmisher (level 3, -7/33 HPs)
             Began as a Ghoul Fighter on Feb 8, 2022.
             Mangled by Terence (12 damage)
             ... on level 2 of the Dungeon.
             The game lasted 00:01:04 (809 turns).

HallandMoats the Skirmisher (Ghoul Fighter)          Turns: 809, Time: 00:01:05

Health: -7/33      AC:  6    Str: 19    XL:     3   Next: 33%
Magic:  2/2        EV:  9    Int:  3    God:
Gold:   42         SH:  5    Dex: 16    Spells: 2/2 levels left

rFire   . . .      SeeInvis .     - Unarmed
rCold   + . .      Faith    +   b - +0 buckler
rNeg    + + +      Spirit   .   a - +0 scale mail
rPois   ∞          Reflect  .   (no helmet)
rElec   .          Harm     .   (no cloak)
rCorr   .          Rampage  .   (no gloves)
Will    .....                   (no boots)
Stlth   ..........              e - amulet of faith
HPRegen 0.00/turn               g - +6 ring of dexterity
MPRegen 0.08/turn               (no ring)

@: inhibited regen
A: claws 1, cold resistance 1, negative energy resistance 3, inhibited
regeneration, torment resistance 2
a: no special abilities


You were on level 2 of the Dungeon.
You visited 1 branch of the dungeon, and saw 2 of its levels.

You collected 42 gold pieces.

Inventory:

Armour
 a - a +0 scale mail (worn)
 b - a +0 buckler (worn)
 h - a +0 pair of gloves
Jewellery
 e - an amulet of faith (around neck)
 g - a +6 ring of dexterity (left claw)
 j - an amulet of guardian spirit
Scrolls
 d - a scroll of blinking {unknown}
 i - a scroll of torment {unknown}
 k - a scroll of holy word {unknown}
Potions
 c - a potion of might
 f - a potion of curing {unknown}


   Skills:
 * Level 3.8 Fighting
 + Level 2.8 Armour
 + Level 0.5 Dodging
 + Level 2.9 Shields
 * Level 2.8 Unarmed Combat


You had 2 spell levels left.
You didn't know any spells.
Your spell library was empty.

Dungeon Overview and Level Annotations

Branches:
Dungeon (2/15)

Altars:
Vehumet

Shops:
D:1 ?

Annotations:
D:2 Terence


Innate Abilities, Weirdness & Mutations

You thrive by killing the living.
You are immune to poison.
You have sharp fingernails.
Your flesh is cold resistant. (rC+)
You are immune to negative energy. (rN+++)
You do not regenerate when monsters are visible.
You are immune to unholy pain and torment.


Message History

There are monsters nearby!
There are monsters nearby!
There are monsters nearby!
There are monsters nearby!
A quokka comes into view.
The frilled lizard hisses angrily.
There is an open door here.
You swing at nothing.
You swing at nothing.
You swing at nothing.
You barely miss the quokka. The quokka barely misses you.
You miss the quokka. The quokka barely misses you.
You scratch the quokka but do no damage.
The quokka bites you.
You barely miss the quokka. The quokka closely misses you.
You scratch the quokka.
You kill the quokka!
You feel better.
You scratch the frilled lizard.
You kill the frilled lizard!
You scratch Terence.
Terence is lightly wounded.
Terence barely misses you.
You scratch Terence.
Terence is moderately wounded.
Terence hits you with the +7 Throatcutter {drain, coup de grace}.
You scratch Terence.
Terence is heavily wounded.
Terence hits you with the +7 Throatcutter {drain, coup de grace}!
You scratch Terence.
Terence is heavily wounded.
Terence barely misses you.
You scratch Terence.
Terence is severely wounded.
Terence hits you with the +7 Throatcutter {drain, coup de grace}!
* * * LOW HITPOINT WARNING * * *
You closely miss Terence.
Terence is severely wounded.
Terence hits you with the +7 Throatcutter {drain, coup de grace}!
You die...

##...................
#.......##........#.#
#.......##........#..
#.......##........###
####'#####....>.....
#.# #........### #.#
###........ #.#
.....#### #@# ......#
#@# #.# #.# . #'# #.
#............ #
#............
#...........#
#l.......[...


You could see Terence.

Vanquished Creatures
  An adder (D:2)
  2 dart slugs (D:1)
  2 ball pythons (D:1)
  7 bats
  2 endoplasms (D:1)
  A hobgoblin (D:1)
  2 kobolds (D:1)
  A quokka (D:2)
  A frilled lizard (D:2)
  2 rats (D:1)
21 creatures vanquished.

Notes
Turn   | Place    | Note
-------+----------+-------------------------------------------
     0 | D:1      | HallandMoats the Ghoul Fighter began the quest for the Orb.
     0 | D:1      | Reached XP level 1. HP: 19/19 MP: 0/0
   131 | D:1      | Found Axuklyes's Magic Scroll Emporium.
   149 | D:1      | Reached XP level 2. HP: 22/26 MP: 1/1
   333 | D:1      | Found a faded altar of an unknown god.
   710 | D:2      | Found a radiant altar of Vehumet.
   734 | D:2      | Reached XP level 3. HP: 32/33 MP: 2/2
   789 | D:2      | Noticed Terence
   809 | D:2      | Mangled by Terence

Illustrated notes

Levels and vault maps discovered:
D:1:      minmay_arrival_plants_in_alcoves, layout_loops_ring, serial_shops,
          nicolae_shop_crystal, hellmonk_ecumenical_altar_arch_garden
D:2:      layout_basic, basic_altar, uniq_terence

Action                   || total
-------------------------++-------
Melee: Unarmed           ||    91
Armor: Scale mail        ||    56
Dodge: Dodged            ||    50
Block: Buckler           ||    13
